 Dungeon Crawl Stone Soup version 0.27-a0-1456-gf5a116941d (webtiles) character file.

Game seed: 5283139264651215665

0 spiderkeys the Skirmisher (level 1, -9/16 HPs)
             Began as an Octopode Abyssal Knight on July 7, 2021.
             Was a Follower of Lugonu.
             Mangled by a starcursed mass (11 damage)
             ... on level 1 of the Abyss.
             The game lasted 00:00:25 (71 turns).

spiderkeys the Skirmisher (Octopode Abyssal Knight)   Turns: 71, Time: 00:00:26

Health: -9/16      AC:  1    Str: 11    XL:     1   Next: 0%
Magic:  2/2        EV: 13    Int: 14    God:    Lugonu [*.....]
Gold:   0          SH:  0    Dex: 11    Spells: 0/0 levels left

rFire    . . .     SeeInvis .   a - +1 short sword
rCold    . . .     Faith    .   (no shield)
rNeg     . . .     Spirit   .   (helmet restricted)
rPois    .         Reflect  .   (no amulet)
rElec    .         Harm     .   (no ring)
rCorr    .         Rampage  .   (no ring)
Will     .....                  (no ring)
Stlth    ++........             (no ring)
HPRegen  0.05/turn              (no ring)
MPRegen  0.08/turn              (no ring)
                                (no ring)
                                (no ring)

@: no status effects
A: almost no armour, amphibious, 8 rings, camouflage 1, gelatinous body 1,
(nimble swimmer 1), tentacles
a: Renounce Religion, Depart the Abyss


You were on level 1 of the Abyss.
You worshipped Lugonu.
Lugonu was aware of your devotion.
You visited 0 branches of the dungeon, and saw 0 of its levels.
You visited the Abyss 1 time.


Innate Abilities, Weirdness & Mutations

You cannot wear most types of armour.
You are amphibious.
You can wear up to eight rings at the same time.
Your skin changes colour to match your surroundings (Stealth+).
Your rubbery body absorbs attacks. (AC +1, EV +1)
((You are camouflaged near water. (Stealth+)))
You have tentacles for arms and can constrict up to eight enemies at once.


   Skills:
 + Level 3.0 Fighting
 + Level 2.0 Short Blades
 + Level 2.3 Dodging
 + Level 2.0 Invocations


You couldn't memorise any spells.
You didn't know any spells.
Your spell library was empty.

Inventory:

Hand Weapons
 a - a +1 short sword (weapon)
Missiles
 b - 10 poisoned darts
Scrolls
 c - a scroll of enchant weapon {unknown}

Dungeon Overview and Level Annotations

Branches:
Dungeon (0/15)

Altars:

≈≈ #. ##X### #X.#.#
###.X..# .# .§#X.#
#.## #XX## #..#
##.@.# ##
##..####.##..# .###.
...#..##w#..##
≈3≈≈≈≈≈≈≈≈≈≈Λ/≈≈≈#.
≈≈≈≈≈≈≈≈ ≈≈/│≈≈≈≈###
≈≈ ≈ ≈≈≈≈≈│≈X.≈≈≈.#
≈≈≈≈≈≈≈≈≈≈≈≈≈≈≈≈≈..#
≈≈≈≈≈≈≈≈≈≈≈≈≈≈≈≈≈.##
≈ ≈ ≈≈≈≈≈≈≈≈≈≈#≈#.#


You could see 6 starcursed masses.


Message History

🤖 Initializing magus.rc ...
Options error: Delay interrupt name "hungry" not recognised. (~/.crawlrc:4988) ✅ Successfully initialized magus.rc [v1.9.10] Welcome, spiderkeys the Octopode Abyssal Knight.
Will you prevail where others failed? Will you find the Orb of Zot?
Lugonu says: Depart the Abyss and spread corruption, my servant! (use the ability menu to exit the Abyss) Press ? for a list of commands and other information.
Found a corrupted altar of Lugonu.
Found a gateway leading deeper into the Abyss.
Found a gateway leading deeper into the Abyss.
Found an iron altar of Okawaru.
There is a gateway leading deeper into the Abyss here.
There is an iron altar of Okawaru here.
b - 10 poisoned darts A raiju comes into view.
A neqoxec comes into view.
The raiju barks!
Tentacles burst from the starspawn's body! 2 starspawn tentacles come into view.
The starspawn tentacle closely misses you.
The starspawn tentacle grabs you.
The starspawn tentacle constricts you. 😕 HP[-3]
You take 3 damage, and now have 13/16 hp.
The starspawn tentacle's grasp on you weakens, but your attempt to escape fails.
A starcursed mass comes into view.
The starspawn tentacle constricts you. 😮 HP[-3]
You take 3 damage, and now have 10/16 hp.
Unknown command.
You escape the starspawn tentacle's grasp.
A starcursed mass splits.
The starspawn tentacle barely misses you.
You see here a scroll labelled VEEMERCHACUMI.
c - a scroll labelled VEEMERCHACUMI The starspawn tentacle barely misses you.
A starcursed mass splits. x2
A chorus of shrieks assaults your mind.
Ouch! That really hurt!
* * * LOW HITPOINT WARNING * * *
A starcursed mass splits. x2; The starcursed mass touches you!
Ouch! That really hurt!
You die...

Action                   || total
-------------------------++-------
Dodge: Dodged            ||     3

Levels and vault maps discovered:
Abyss:1:  base: Temple, base:
Temple

Notes
Turn   | Place    | Note
-------+----------+-------------------------------------------
     0 | Abyss:1  | spiderkeys the Octopode Abyssal Knight began the quest for
                  | the Orb.
     0 | Abyss:1  | Reached XP level 1. HP: 16/16 MP: 2/2
     0 | Abyss:1  | magus.rc [v1.9.10]
    25 | Abyss:1  | Found an iron altar of Okawaru.
    53 | Abyss:1  | Noticed a tentacled starspawn
    54 | Abyss:1  | Noticed a raiju
    57 | Abyss:1  | Noticed a neqoxec
    66 | Abyss:1  | Noticed a starcursed mass
    71 | Abyss:1  | HP: 2/16 [starcursed mass/accursed screaming (8)]
    71 | Abyss:1  | Mangled by a starcursed mass

Vanquished Creatures (others)
  2 starspawn tentacles (Abyss:1)
2 creatures vanquished.

Table legend:
 A = Non-vault XP
 B = Vault XP
 C = Vault XP percentage of total XP
 D = Non-vault monster count
 E = Vault monster count
 F = Vault count percentage of total count
                 A         B        C        D         E       F
            +---------+---------+-------+---------+---------+-------
      Total |       0 |       0 |   N/A |       0 |       0 |  -nan
            +---------+---------+-------+---------+---------+-------
            +---------+---------+-------+---------+---------+-------

Illustrated notes

Table legend: (Time is in decaauts)
 A = Elapsed time spent in this place.
 B = Non-inter-level travel time spent in this place.
 C = Inter-level travel time spent in this place.
 D = Time resting spent in this place.
 E = Time spent auto-exploring this place.
 F = Levels seen in this place.
 G = Mean time per level.
                   A        B        C        D        E       F      G
               +--------+--------+--------+--------+--------+-----+--------+
         Total |     71 |     71 |      0 |      0 |     19 |   1 |   71.0 |
         Abyss |     71 |     71 |      0 |      0 |     19 |   1 |   71.0 |
               +--------+--------+--------+--------+--------+-----+--------+

Top non-repeatable levels by time:
 Abyss:1: 71 daAuts
